 Seeded DCSS version 0.31-a0-640-g39d97e502b (webtiles) character file.

Game seed: 12076763815981261020 (custom seed)

2107 Mickster the Chopper (level 9, -8/78 HPs)
             Began as a Hill Orc Berserker on Aug 27, 2023.
             Was a Priest of Trog.
             Mangled by a basilisk (12 damage)
             ... on level 8 of the Dungeon.
             The game lasted 00:42:09 (6348 turns).

Mickster the Chopper (Hill Orc Berserker)           Turns: 6348, Time: 00:42:09

Health: -8/78      AC: 11    Str: 24    XL:     9   Next: 28%
Magic:  9/9        EV:  9    Int:  7    God:    Trog [***...]
Gold:   365        SH:  0    Dex: 10    Spells: 8/8 levels left

rFire   + . .        m - +10 quarterstaff "Kuwenn" {freeze, rF+ rN+}
rCold   . . .        (shield currently unavailable)
rNeg    + . .        y - +0 chain mail
rPois   +            B - +0 helmet
rElec   .            (no cloak)
rCorr   +            (no gloves)
SInv    .            (no boots)
Will    .....        (no amulet) Stlth
                     e - ring of poison resistance
HPRegen 0.33/turn    b - ring of resist corrosion
MPRegen 0.11/turn

%: no passive effects
@: on berserk cooldown, slowed, very slow
A: no striking features
a: Renounce Religion, Berserk, Trog's Hand


You were on level 8 of the Dungeon.
You worshipped Trog.
Trog was most pleased with you.
You visited 1 branch of the dungeon, and saw 8 of its levels.

You collected 365 gold pieces.

Inventory:

Hand Weapons
 a - a +1 hand axe
 d - a +3 spear of venom
 j - a +0 orcbow
 m - the +10 quarterstaff "Kuwenn" (weapon) {freeze, rF+ rN+}
   (You found it on level 6 of the Dungeon)

   rF+:       It protects you from fire.
   rN+:       It protects you from negative energy.
 p - a +0 mace of distortion
 r - a +0 war axe
 s - a +1 dagger of protection
 A - a +4 dire flail of freezing
 D - a +3 long sword
 E - a +4 trident
 F - a +3 great sword
Missiles
 c - 83 stones
 g - 4 atropa-tipped darts (quivered)
 n - 16 poisoned darts
 u - a boomerang
Armour
 v - a +1 scale mail
 y - a +0 chain mail (worn)
 B - a +0 helmet (worn)
Jewellery
 b - a ring of resist corrosion (right hand)
 e - a ring of poison resistance (left hand)
 t - a ring of protection from cold
 C - an amulet of magic regeneration
Talismans
 f - a beast talisman
Wands
 h - a wand of paralysis (9)
Scrolls
 i - 2 scrolls of fear
 k - a scroll of immolation
 l - a scroll of blinking
 o - a scroll of revelation
 w - a scroll of fog
 H - a scroll of enchant armour
 I - a scroll of teleportation
Potions
 q - a potion of magic {unknown}
 x - a potion of degeneration {unknown}
 z - 2 potions of enlightenment {unknown}
 G - a potion of might {unknown}


   Skills:
 + Level 6.5 Fighting
 - Level 0.1 Long Blades
 - Level 7.3(8.2) Axes
 - Level 4.6(7.3) Polearms
 * Level 5.2(5.8) Staves
 - Level 1.5 Throwing
 + Level 6.2 Armour
 + Level 3.0 Dodging
 + Level 0.7 Stealth


You had 8 spell levels left.
You didn't know any spells.
Your spell library was empty.

Dungeon Overview and Level Annotations

Branches:
Dungeon (8/15)             Temple (0/1) D:6            Lair (0/5) D:8

Altars:
Dithmenos
Sif Muna


Message History

The yak gores you but does no damage. The basilisk bites you! x2
The yak gores you but does no damage.
The basilisk bites you but does no damage.
The basilisk bites you! The yak gores you. The basilisk bites you.
The basilisk gazes at you. You resist with some effort. The yak gores you!
The basilisk gazes at you. You resist with some effort.
The basilisk barely misses you. The yak gores you!
The basilisk bites you but does no damage.
The basilisk bites you!
You turn to flesh and can move again.
You bludgeon the yak!! You freeze the yak.
The yak is heavily wounded.
You are no longer berserk.
You are exhausted.
You feel yourself slow down. The yak closely misses you.
The basilisk gazes at you. You resist with some effort. The basilisk bites you!
* * * LOW HITPOINT WARNING * * *
You sock the yak! You freeze the yak.
The yak is severely wounded.
The yak gores you but does no damage. The basilisk barely misses you. x2
The yak misses you. The basilisk bites you.
* * * LOW HITPOINT WARNING * * *
You sock the yak! You freeze the yak.
You kill the yak!
Trog accepts your kill. The basilisk bites you!
* * * LOW HITPOINT WARNING * * *
The basilisk gazes at you. You resist with some effort.
The basilisk bites you but does no damage.
Your Staves skill increases to level 5!
You hit the basilisk.
The basilisk seems to slow down.
You freeze the basilisk.
The basilisk is moderately wounded.
The basilisk closely misses you. The basilisk bites you!
You die...

######.# #...)......
#......# #.#........
######.######
#.#..######
#...........# ......
#.........####.....###
#.........##.....
#..):.....#......
#.........l..P...
#........@†...!.>
######....l.P....
#....#......
......##.....
#.......# ##...
#........ ..
#...!..... .
####.......


You could see 2 basilisks.

Vanquished Creatures
  A yak (D:8)
  A wyvern (D:8)
  A sky beast (D:6)
  A black bear (D:7)
  An ice beast (D:6)
  An ogre (D:7)
  A centaur (D:5)
  A phantom (D:7)
  A kobold brigand (D:7)
  A bullfrog (D:7)
  A scorpion (D:5)
  5 wights (D:6)
  An orc priest (D:8)
  2 jellies
  4 hounds
  5 orc wizards
  6 iguanas
  A hound skeleton (D:3)
  13 gnolls
  7 adders
  A shadow imp (D:5)
  2 ufetubi
  2 adder skeletons (D:3)
  2 worms (D:4)
  A dart slug (D:1)
  19 orcs
  6 ball pythons
  12 endoplasms
  2 giant cockroaches
  10 goblins
  10 hobgoblins
  6 jackals (D:1)
  9 kobolds
  5 quokkas
  7 bats
  4 frilled lizards
  8 rats
161 creatures vanquished.

Notes
Turn   | Place    | Note
-------+----------+-------------------------------------------
     0 | D:1      | Mickster the Hill Orc Berserker began the quest for the
                  | Orb.
     0 | D:1      | Reached XP level 1. HP: 19/19 MP: 1/1
    31 | D:1      | Reached XP level 2. HP: 27/27 MP: 2/2
   389 | D:1      | Reached XP level 3. HP: 30/33 MP: 3/3
   601 | D:1      | Reached ** piety under Trog
   617 | D:1      | Reached skill level 5 in Axes
  1180 | D:1      | Reached XP level 4. HP: 29/36 MP: 4/4
  2213 | D:3      | Reached skill level 6 in Axes
  2213 | D:3      | Reached XP level 5. HP: 43/47 MP: 5/5
  2234 | D:3      | Reached *** piety under Trog
  2342 | D:3      | Found a shimmering blue altar of Sif Muna.
  2444 | D:3      | Found a faded altar of an unknown god.
  2954 | D:4      | Reached skill level 1 in Throwing
  3026 | D:4      | Reached XP level 6. HP: 49/53 MP: 6/6
  3171 | D:4      | Reached skill level 7 in Axes
  3332 | D:4      | HP: 2/53 [gnoll/+3 spear of venom (5)]
  3536 | D:4      | Reached skill level 5 in Fighting
  3988 | D:5      | Entered Level 5 of the Dungeon
  4069 | D:5      | Reached skill level 1 in Polearms
  4069 | D:5      | Reached XP level 7. HP: 50/61 MP: 7/7
  4472 | D:6      | Reached XP level 8. HP: 54/69 MP: 8/8
  4513 | D:6      | HP: 2/65 [wight/+4 trident (10)]
  4850 | D:6      | Identified the +10 quarterstaff "Kuwenn" {freeze, rF+ rN+}
  4896 | D:6      | Found a staircase to the Ecumenical Temple.
  4999 | D:6      | Reached skill level 1 in Staves
  4999 | D:6      | Reached skill level 5 in Armour
  5884 | D:7      | Reached XP level 9. HP: 77/77 MP: 9/9
  6184 | D:8      | Found a shadowy altar of Dithmenos.
  6327 | D:8      | Found a staircase to the Lair.
  6347 | D:8      | HP: 3/78 [basilisk (11)]
  6348 | D:8      | Reached skill level 5 in Staves
  6348 | D:8      | Mangled by a basilisk

Illustrated notes

Levels and vault maps discovered:
D:1:      minmay_arrival_arboretum_small, layout_basic, minmay_tetromino_i2
D:2:      layout_rooms
D:3:      minmay_door_path, layout_loops_cross, nicolae_overflow_crystal_walls,
          serial_undead, serial_undead_c, serial_undead_d, serial_undead_f,
          serial_undead_e, ebering_ecumenical_altar_abandoned
D:4:      layout_cave_pools, minmay_distorted
D:5:      cheibrodos_fzero, layout_loops_corners
D:6:      layout_rooms, minmay_temple_entry_waves
D:7:      layout_basic
D:8:      layout_basic, lemuel_mausoleum_altar_yredelemnul, lemuel_round_altar,
          david_lair_generic, st_stairs_14, serial_bayou_pond_d

Skill      XL: |  1  2  3  4  5  6  7  8  9 |
---------------+----------------------------+-----
Fighting       | 4 5 6 |  6.5
Axes           | 5 6 7 |  7.3
Dodging        | 2 3 |  3.0
Throwing       | 1 |  1.5
Armour         | 3 4 5 6 |  6.2
Polearms       | 1 4 |  4.6
Staves         | 3 5 |  5.2
Long Blades    | |  0.1
Stealth        | |  0.7

Action                     |  1- 3 |  4- 6 |  7- 9 || total
---------------------------+-------+-------+-------++-------
  Melee: Hand axe          |   114 |   100 |       ||   214
         Punch             |       |     7 |     1 ||     8
         War axe           |       |    62 |       ||    62
         Spear             |       |    37 |    71 ||   108
         Quarterstaff      |       |       |    77 ||    77
  Throw: Dart              |     3 |       |     1 ||     4
 Invoke: Berserk           |     1 |     6 |     8 ||    15
         Trog's Hand       |       |       |     2 ||     2
    Use: Scroll            |     4 |     6 |     3 ||    13
         Potion            |       |     1 |     2 ||     3
 Armour: Animal skin       |    24 |     4 |       ||    28
         Ring mail         |       |    30 |       ||    30
         Scale mail        |       |    40 |    75 ||   115
         Chain mail        |       |       |    51 ||    51
  Dodge: Dodged            |    70 |   106 |   103 ||   279

Table legend: (Time is in decaauts)
 A = Elapsed time spent in this place.
 B = Non-inter-level travel time spent in this place.
 C = Inter-level travel time spent in this place.
 D = Time resting spent in this place.
 E = Time spent auto-exploring this place.
 F = Levels seen in this place.
 G = Mean time per level.
                   A        B        C        D        E       F      G
               +--------+--------+--------+--------+--------+-----+--------+
         Total |   6486 |   6350 |    136 |    751 |   3469 |   8 |  810.8 |
       Dungeon |   6486 |   6350 |    136 |    751 |   3469 |   8 |  810.8 |
               +--------+--------+--------+--------+--------+-----+--------+

Top non-repeatable levels by time:
     D:1: 1281 daAuts
     D:4: 1226 daAuts
     D:3: 1002 daAuts
     D:6: 960 daAuts
     D:7: 763 daAuts
     D:2: 551 daAuts
     D:5: 471 daAuts
     D:8: 229 daAuts
